 Dungeon Crawl Stone Soup version 0.17.1-3-g152610e (webtiles) character file.

45864 sohrab the Cleaver (level 14, 0/132 HPs)
             Began as a Minotaur Fighter on Apr 2, 2016.
             Was the Champion of Okawaru.
             Slain by a trident of protection (3 damage)
             ... on level 2 of the Elven Halls.
             The game lasted 00:53:49 (15843 turns).

sohrab the Cleaver (Minotaur Fighter)              Turns: 15843, Time: 00:53:49

Health: 0/132      AC: 45    Str: 22      XL:     14   Next: 2%
Magic:  1/19       EV:  9    Int:  6      God:    Okawaru [******]
Gold:   896        SH: 20    Dex:  9 (10) Spells: 2 memorised, 19 levels left

rFire  . . .     SeeInvis +     x - +4 broad axe (flame)
rCold  . . .     Clarity  .     v - +9 plate armour {ponderous}
rNeg   . . .     SustAt   .     i - +0 large shield
rPois  +         Gourm    .     (helmet restricted)
rElec  .         Spirit   .     A - +2 cloak
rCorr  .         Warding  .     s - +2 pair of gloves
rMut   .         Stasis   +     C - +0 pair of boots "Ywosywu" {SInv}
MR     +....                    n - amulet of stasis
Stlth  ..........               u - +5 ring of protection
                                l - ring of poison resistance

@: heroism, slow, somewhat resistant to hostile enchantments, extremely
unstealthy
A: retaliatory headbutt, horns 2, talons 2, rough black scales 1, rugged brown
scales 1, blurry vision 1, breathe flames 1, deterioration 1, sense surroundings
2, weak 1
a: Heroism, Finesse, Renounce Religion, Breathe Fire


You were on level 2 of the Elven Halls.
You worshipped Okawaru.
Okawaru was exalted by your worship.
You were not hungry.

You visited 3 branches of the dungeon, and saw 17 of its levels.

You collected 1554 gold pieces.
You spent 658 gold pieces at shops.

Inventory:

Hand Weapons
 x - a +4 broad axe of flaming (weapon)
Armour
 i - a +0 large shield (worn)
 s - a +2 pair of gloves (worn)
 v - a +9 plate armour of ponderousness (worn)
 A - a +2 cloak (worn)
 C - the +0 pair of boots "Ywosywu" (worn) {SInv}
   (Okawaru gifted it to you on level 10 of the Dungeon)

   It lets you see invisible.
Jewellery
 l - a ring of poison resistance (left hand)
 n - an amulet of stasis (around neck)
 u - a +5 ring of protection (right hand)
 y - an uncursed ring of protection from cold {unknown}
 D - an uncursed ring of sustain attributes {unknown}
Wands
 a - a wand of polymorph (18)
 c - a wand of draining (6)
 o - a wand of lightning (7)
 p - a wand of cold (6)
 r - a wand of draining (8)
 z - a wand of digging (13)
Scrolls
 b - 2 scrolls of enchant armour
 g - 10 scrolls of identify
 m - 3 scrolls of recharging
 E - a scroll of brand weapon {unknown}
Potions
 j - 3 potions of brilliance
 B - a potion of cancellation
Books
 w - a book of Cantrips

   Spells                             Type                      Level
   a - Corona                         Hexes                        1
   b - Animate Skeleton               Necromancy                   1
   c - Summon Small Mammal            Summoning                    1
   d - Apportation                    Translocation                1
Miscellaneous
 d - a disc of storms
Comestibles
 e - 7 bread rations
 f - a royal jelly
 q - a meat ration
 t - 2 beef jerkies


   Skills:
 + Level 13.1(18.1) Fighting
 + Level 14.8(19.8) Axes
 + Level 11.1(16.1) Armour
 + Level 7.8(12.8) Dodging
 + Level 1.0(6.0) Stealth
 - Level 10.8(15.8) Shields
 + Level 1.0(6.0) Unarmed Combat
 - Level 4.3 Spellcasting
 - Level 4.3 Hexes
 - Level 5.0 Necromancy
 + Level 1.2 Invocations


You had 19 spell levels left.
You knew the following spells:

 Your Spells              Type           Power        Failure   Level  Hunger
a - Animate Skeleton      Necr           N/A          94%         1    ##.....
b - Corona                Hex            #......      99%         1    ##.....


Dungeon Overview and Level Annotations

Branches:
Dungeon (11/15)            Temple (0/1) D:7             Orc (4/4) D:10
    Elf (2/3) Orc:3
   Lair: D:8-11

Altars:
Ashenzari
Cheibriados
Elyvilon
Fedhas
Gozag
Kikubaaqudgha
Okawaru
Trog
Vehumet
Beogh

Shops:
D:5 *   D:6 ?   D:10 }   Orc:4 *}?%([   Elf:1 %

Annotations:
D:8 exclusions: ice statue and obsidian statue
Elf:1 exclusion: orange crystal statue


Innate Abilities, Weirdness & Mutations

You reflexively headbutt those who attack you in melee.
You have a pair of horns on your head.
You have razor-sharp toenails.
You are partially covered in rough black scales (AC +4, Dex -1).
You are partially covered in rugged brown scales (AC +1, +3% HP).
Scrolls take you a little longer to read.
You can breathe flames.
Your body sometimes deteriorates upon taking damage.
You passively map the area around you.
You are weak. (Str -2)


Message History

The demonic crawler hits you but does no damage.
You block the antimagic halberd's attack.
You slash the demonic crawler! You burn the demonic crawler.
You headbutt the demonic crawler!
You kill the demonic crawler!
The demonic crawler's corpse disappears in a puff of smoke!
You miss the battleaxe of chopping.
The battleaxe of chopping is heavily damaged.
The redback disappears in a puff of smoke!
You block the battleaxe of chopping's attack.
You block the antimagic halberd's attack.
The hell rat disappears in a puff of smoke!
The trident of protection hits you but does no damage.
The deep elf summoner gestures wildly while chanting.
The deep elf summoner blinks!
You block the antimagic halberd's attack.
The battleaxe of chopping hits you!
* * * LOW HITPOINT WARNING * * *
x2 The trident of protection hits you.
You die...

.........###...# #.......(.......
..........#...# #...............
..............## #...............
...............##############.#..
............e...# #.#..
..............§.# ######### #.#,.
..............§r# #..#.)..###.#..
..............r(###..###...##.#..
..............#(@'...###....#....
..............##('...#.)....'....
..............#'.(...###....#....
...............'###..###...##.#..
................# #..'.'..###.#..
................# ######### #.#..
................# #.#..
.........).....## * * * * #.# .
..............## , ...


You could see a deep elf knight, 2 hell rats and 3 dancing weapons.

Vanquished Creatures
  A deep elf blademaster (Elf:2)
  Frances (Orc:3)
  An orc warlord (Orc:3)
  The ghost of mmk665 the Nimble, a journeyman MiBe of Trog (D:10)
  10 dancing weapons (Elf:2)
  3 orc high priests
  11 deep elf knights
  2 hill giants (D:10)
  4 deep elf summoners
  Pikel (D:4)
  6 orc sorcerers
  6 deep elf conjurers
  A cyclops (Orc:4)
  A centaur skeleton (D:8)
  7 deep elf priests
  A troll (Orc:2)
  Prince Ribbit (D:7)
  A two-headed ogre (D:6)
  15 deep elf magi
  Sigmund (D:3)
  A wyvern (D:11)
  A hungry ghost (D:7)
  12 deep elf fighters
  A human (D:7)
  2 wargs
  Edmund (D:4)
  Duvessa (D:7)
  2 black bears (D:6)
  36 orc warriors
  3 sky beasts
  An ice beast (D:10)
  A phantom (D:4)
  8 ogres
  A necrophage (D:6)
  2 centaurs
  A big kobold (D:9)
  Blork the orc (D:5)
  9 giant frogs
  Dowan (D:7)
  A water moccasin skeleton (D:6)
  2 gnoll sergeants (D:9)
  5 scorpions
  14 wights
  A quasit (D:7)
  4 crimson imps
  6 killer bees (D:11)
  2 giant frog zombies (D:5)
  6 hounds
  6 jellies
  Crazy Yiuf (D:3)
  A centaur zombie (D:7)
  A giant frog skeleton (D:6)
  30 orc wizards
  Jessica (D:3)
  3 iguanas
  20 orc priests
  5 worker ants
  8 sheep
  A hound zombie (D:7)
  2 hound skeletons
  A worker ant zombie (D:6)
  12 adders
  13 gnolls
  2 shadow imps
  4 oozes
  2 adder zombies (D:8)
  5 worms
  8 giant geckos
  157 orcs
  7 giant cockroaches
  5 goblins
  5 hobgoblins
  4 quokkas
  3 ball pythons
  10 bats
  7 giant newts
  31 jackals
  A jackal skeleton (D:4)
  14 kobolds
  A quokka skeleton (D:8)
  8 rats
  A butterfly (D:8)
581 creatures vanquished.

Vanquished Creatures (others)
  The ghost of Breadlance the Nimble, a journeyman HECj of Sif Muna (Elf:1)
  A deep elf fighter (Elf:1)
  An orc priest (Elf:1)
  An adder (D:4)
  An orc (Orc:4)
  A fulminant prism (Elf:1)
  A plant (D:8)
7 creatures vanquished.

Grand Total: 588 creatures vanquished

Notes
Turn   | Place    | Note
--------------------------------------------------------------
     0 | D:1      | sohrab the Minotaur Fighter began the quest for the Orb.
     0 | D:1      | Reached XP level 1. HP: 19/19 MP: 0/0
   227 | D:1      | Reached skill level 4 in Fighting
   227 | D:1      | Reached XP level 2. HP: 27/27 MP: 1/1
   748 | D:2      | Found an iron altar of Okawaru.
   758 | D:2      | Reached XP level 3. HP: 30/33 MP: 2/2
   765 | D:2      | Became a worshipper of Warmaster Okawaru
   916 | D:2      | Found a white marble altar of Elyvilon.
  1204 | D:3      | Reached XP level 4. HP: 38/40 MP: 3/3
  1230 | D:3      | Gained mutation: You are partially covered in rugged brown scales (AC +1, +3% HP). [potion of mutation]
  1230 | D:3      | Gained mutation: You passively map a small area around you. [potion of mutation]
  1230 | D:3      | Gained mutation: You are weak. (Str -2) [potion of mutation]
  1298 | D:3      | Reached skill level 5 in Shields
  1315 | D:3      | Reached skill level 1 in Dodging
  1428 | D:3      | Noticed Jessica
  1435 | D:3      | Killed Jessica
  1435 | D:3      | Reached XP level 5. HP: 47/47 MP: 4/4
  1446 | D:3      | Noticed Sigmund
  1457 | D:3      | Killed Sigmund
  1457 | D:3      | Reached * piety under Okawaru
  1457 | D:3      | Reached XP level 6. HP: 45/54 MP: 5/5
  1525 | D:3      | Noticed Crazy Yiuf
  1531 | D:3      | Killed Crazy Yiuf
  1607 | D:3      | Reached skill level 5 in Fighting
  1853 | D:4      | Noticed Edmund
  1859 | D:4      | Found an opulent altar of Gozag.
  1889 | D:4      | Killed Edmund
  1889 | D:4      | Reached skill level 6 in Shields
  1938 | D:4      | Reached XP level 7. HP: 54/62 MP: 6/6
  1982 | D:4      | Noticed Pikel
  1998 | D:4      | Killed Pikel
  1998 | D:4      | Reached ** piety under Okawaru
  1998 | D:4      | Reached *** piety under Okawaru
  1998 | D:4      | Reached skill level 5 in Armour
  1998 | D:4      | Reached skill level 7 in Shields
  2017 | D:4      | Reached XP level 8. HP: 71/71 MP: 7/7
  2066 | D:4      | Reached skill level 8 in Shields
  2066 | D:4      | Reached skill level 1 in Unarmed Combat
  2343 | D:5      | Entered Level 5 of the Dungeon
  2381 | D:5      | Reached skill level 5 in Axes
  2948 | D:5      | Found Viel's Assorted Antiques.
  2992 | D:5      | Bought a scroll labeled KUABAX ZOET for 23 gold pieces
  2992 | D:5      | Bought a scroll labeled JAARUM EZOUNT for 23 gold pieces
  2992 | D:5      | Bought an emerald potion for 20 gold pieces
  3014 | D:5      | Noticed a moth of wrath
  3015 | D:5      | Noticed Blork the orc
  3031 | D:5      | Killed Blork the orc
  3037 | D:5      | Reached **** piety under Okawaru
  3061 | D:5      | Found a bloodstained altar of Trog.
  3243 | D:6      | Reached skill level 5 in Dodging
  3287 | D:6      | Reached skill level 9 in Shields
  3287 | D:6      | Reached XP level 9. HP: 77/81 MP: 8/8
  3430 | D:6      | Found Hiusuesch's Magic Scroll Emporium.
  3623 | D:6      | Noticed a two-headed ogre
  3631 | D:6      | Killed a two-headed ogre
  3818 | D:6      | Reached ***** piety under Okawaru
  4135 | D:7      | Found a shattered altar of Ashenzari.
  4214 | D:7      | Found a snail-covered altar of Cheibriados.
  4372 | D:7      | Noticed Prince Ribbit
  4398 | D:7      | Killed Prince Ribbit
  4574 | D:7      | Found a staircase to the Ecumenical Temple.
  4872 | D:7      | Reached skill level 10 in Shields
  4921 | D:7      | Noticed Duvessa
  4921 | D:7      | Noticed Dowan
  4927 | D:7      | Killed Duvessa
  4927 | D:7      | Reached XP level 10. HP: 92/92 MP: 9/9
  4935 | D:7      | Killed Dowan
  5035 | D:7      | Gained mutation: You have sharp toenails. [mutagenic meat]
  5036 | D:7      | Gained mutation: You are partially covered in rough black scales (AC +4, Dex -1). [mutagenic meat]
  5037 | D:7      | Gained mutation: Scrolls take you a little longer to read. [mutagenic meat]
  5039 | D:7      | Gained mutation: You have razor-sharp toenails. [mutagenic meat]
  5040 | D:7      | Gained mutation: You can breathe flames. [mutagenic meat]
  5166 | D:8      | Received a gift from Okawaru
  5193 | D:8      | Noticed an obsidian statue
  5481 | D:8      | Found a blossoming altar of Fedhas.
  5481 | D:8      | Found an ancient bone altar of Kikubaaqudgha.
  5749 | D:8      | Received a gift from Okawaru
  5761 | D:8      | Got an ichor-stained hand axe {god gift}
  5762 | D:8      | Identified the +3 hand axe of Power {antimagic, Dex+2} (Okawaru gifted it to you on level 8 of the Dungeon)
  6318 | D:9      | Reached skill level 10 in Axes
  6333 | D:9      | Learned a level 1 spell: Animate Skeleton
  6335 | D:9      | Learned a level 1 spell: Corona
  7064 | D:10     | Entered Level 10 of the Dungeon
  7202 | D:10     | Reached skill level 1 in Hexes
  7324 | D:10     | Reached skill level 1 in Necromancy
  7384 | D:10     | Noticed a hill giant
  7402 | D:10     | Killed a hill giant
  7402 | D:10     | Reached skill level 1 in Spellcasting
  7478 | D:10     | Noticed a hill giant
  7492 | D:10     | Killed a hill giant
  7492 | D:10     | Received a gift from Okawaru
  7492 | D:10     | Reached XP level 11. HP: 88/101 MP: 3/11
  7495 | D:10     | Got a pair of polished boots {god gift}
  7502 | D:10     | Identified the +0 pair of boots "Ywosywu" {SInv} (Okawaru gifted it to you on level 10 of the Dungeon)
  7616 | D:10     | Noticed mmk665's ghost (journeyman MiBe)
  8014 | D:10     | Killed mmk665's ghost
  8014 | D:10     | Reached skill level 10 in Fighting
  8328 | D:10     | Found Meqyiq's Gadget Shop.
  8451 | D:10     | Found a staircase to the Orcish Mines.
  8467 | Orc:1    | Entered Level 1 of the Orcish Mines
  8770 | Orc:2    | Reached skill level 11 in Axes
  9205 | Orc:3    | Found a staircase to the Elven Halls.
  9461 | Orc:4    | Entered Level 4 of the Orcish Mines
  9462 | Orc:4    | Found a roughly hewn altar of Beogh.
  9474 | Orc:4    | Found Sionan's Gadget Shoppe.
  9669 | Orc:4    | Found a radiant altar of Vehumet.
  9802 | Orc:4    | Found a roughly hewn altar of Beogh.
  9804 | Orc:4    | Found Guwyc's Magic Scroll Emporium.
  9929 | Orc:4    | Noticed an orc warlord
  9931 | Orc:4    | Noticed an orc high priest
  9942 | Orc:4    | Gained mutation: Your body sometimes deteriorates upon taking damage. [a neqoxec]
  9943 | Orc:4    | Noticed a sun demon
 10032 | Orc:3    | Killed an orc warlord
 10311 | Orc:4    | Killed an orc high priest
 10404 | Orc:4    | Reached XP level 12. HP: 68/111 MP: 5/15
 10501 | Orc:4    | Reached skill level 12 in Axes
 10569 | Orc:4    | Found Kitom's Antique Armour Boutique.
 10570 | Orc:4    | Found a roughly hewn altar of Beogh.
 10573 | Orc:4    | Found Xyfih's Antique Weapon Shop.
 10585 | Orc:4    | Bought a black opal-encrusted chain mail for 313 gold pieces
 10595 | Orc:4    | Identified the +3 chain mail "Awoleula" {+Inv MR+ Stlth+} (You bought it in a shop on level 4 of the Orcish Mines)
 10601 | Orc:4    | Bought a scorched morningstar for 279 gold pieces
 10604 | Orc:4    | Identified the cursed +3 morningstar "Transmigrator" {freeze, rN+ MP+9 Str+3 Dex-5} (You bought it in a shop on level 4 of the Orcish Mines)
 10743 | Orc:4    | Found Ebofekop's Food Shop.
 10752 | Orc:4    | Found a roughly hewn altar of Beogh.
 10893 | Orc:4    | Found a roughly hewn altar of Beogh.
 11183 | Orc:4    | Found a roughly hewn altar of Beogh.
 11184 | Orc:4    | Found Awnasi Ziew's Assorted Antiques.
 11312 | Elf:1    | Entered Level 1 of the Elven Halls
 11396 | Elf:1    | Noticed Frances
 11819 | Orc:3    | Killed Frances
 11836 | Elf:1    | Reached ****** piety under Okawaru
 11853 | Elf:1    | Received a gift from Okawaru
 12681 | Elf:1    | Reached skill level 1 in Invocations
 12816 | Elf:1    | Reached skill level 13 in Axes
 13012 | Elf:1    | Found Ruaxkeoz's Food Emporium.
 13030 | Elf:1    | Reached XP level 13. HP: 73/119 MP: 6/18
 13158 | Elf:1    | Gained mutation: You passively map the area around you. [potion of mutation]
 13519 | Elf:1    | Noticed Breadlance's ghost (journeyman HECj)
 13809 | Elf:2    | Received a gift from Okawaru
 13876 | Elf:1    | Killed Breadlance's ghost
 14668 | Elf:1    | Reached skill level 10 in Armour
 15089 | Elf:2    | Found a radiant altar of Vehumet.
 15112 | Elf:2    | Reached skill level 1 in Stealth
 15186 | Elf:2    | Reached skill level 5 in Necromancy
 15197 | Elf:2    | Found a runed gate.
 15197 | Elf:2    | Found a runed gate.
 15197 | Elf:2    | Found a runed gate.
 15212 | Elf:2    | Noticed a deep elf blademaster
 15245 | Elf:2    | Killed a deep elf blademaster
 15245 | Elf:2    | Received a gift from Okawaru
 15245 | Elf:2    | Reached skill level 14 in Axes
 15834 | Elf:2    | Reached XP level 14. HP: 19/132 MP: 0/19
 15843 | Elf:2    | HP: 6/132 [battleaxe of chopping (16)]
 15843 | Elf:2    | Slain by a trident of protection

Action                   |  1- 3 |  4- 6 |  7- 9 | 10-12 | 13-15 || total
-------------------------+-------+-------+-------+-------+-------++-------
Melee: War axe           |   118 |   117 |   363 |   130 |       ||   728
       Unarmed           |       |    15 |       |     8 |       ||    23
       Hand axe          |       |       |       |  1203 |   116 ||  1319
       Broad axe         |       |       |       |       |   204 ||   204
Invok: Heroism           |       |       |     1 |    11 |     3 ||    15
Evoke: Disc of storms    |       |       |       |       |     1 ||     1
  Use: Potion            |     2 |     6 |     2 |     6 |     2 ||    18
       Scroll            |     1 |     4 |     4 |     3 |       ||    12
  Eat: Chunk             |     1 |     2 |     7 |     6 |       ||    16
       Meat ration       |       |       |     1 |       |       ||     1
       Fruit             |       |       |     6 |       |       ||     6
       Beef jerky        |       |       |     1 |     2 |       ||     3
       Pizza             |       |       |       |     7 |     1 ||     8
       Bread ration      |       |       |       |     3 |     2 ||     5
